 Dungeon Crawl Stone Soup version 0.17.1-3-g152610e (webtiles) character file.

6489 Gargoyl the Skirmisher (level 10, 0/80 HPs)
             Began as a Demonspawn Abyssal Knight on Feb 27, 2016.
             Was a High Priest of Lugonu.
             Succumbed to poison (a potion of poison)
             ... on level 1 of the Lair of Beasts on Feb 29, 2016.
             The game lasted 00:21:33 (10097 turns).

Gargoyl the Skirmisher (Demonspawn Abyssal Knight) Turns: 10097, Time: 00:21:33

Health: 0/80       AC: 23    Str: 16    XL:     10   Next: 68%
Magic:  16/16      EV:  7    Int: 14    God:    Lugonu [*****.]
Gold:   469        SH:  0    Dex: 12    Spells: 0 memorised, 17 levels left

rFire  . . .     SeeInvis +     R - +0 battleaxe
rCold  . . .     Clarity  .     f - +4 plate armour
rNeg   + . .     SustAt   .     (shield currently unavailable)
rPois  .         Gourm    .     (helmet restricted)
rElec  .         Spirit   .     x - +2 cloak
rCorr  .         Warding  .     (gloves unavailable)
rMut   .         Stasis   .     k - +2 pair of boots
MR     .....                    (no amulet)
Stlth  ..........               y - ring of see invisible
                                t - ring of positive energy

@: lethally poisoned (0 -> -36), flying, not resistant to hostile enchantments,
extremely unstealthy
A: claws 3, horns 2, powered by pain 1
a: Depart the Abyss, Bend Space, Banish, Corrupt, Enter the Abyss, Renounce
Religion


You were on level 1 of the Lair of Beasts.
You worshipped Lugonu.
Lugonu was extremely pleased with you.
You were not hungry.

You visited 2 branches of the dungeon, and saw 9 of its levels.
You visited the Abyss 1 time.
You also visited: Ossuary.

You collected 469 gold pieces.

Inventory:

Hand Weapons
 s - a +3 flail of crushing
 R - a +0 battleaxe (weapon)
Missiles
 I - 6 javelins (quivered)
 M - 8 silver tomahawks
Armour
 f - a +4 plate armour (worn)
 k - a +2 pair of boots (worn)
 x - a +2 cloak (worn)
Jewellery
 t - a ring of positive energy (left claw)
 y - a ring of see invisible (right claw)
Wands
 a - a wand of fireball (12)
 d - a wand of flame (0)
 e - a wand of random effects (13)
 n - a wand of random effects (14)
 D - a wand of random effects (22)
 J - a wand of confusion (26)
 K - a wand of flame (12)
 L - a wand of slowing (17)
 O - a wand of hasting (5)
 P - a wand of digging (7)
Scrolls
 b - 5 scrolls of identify
 g - a scroll of fog
 h - 3 scrolls of magic mapping
 j - 3 scrolls of teleportation
 l - 2 scrolls of remove curse
 u - 4 scrolls of enchant weapon
 v - 2 scrolls of blinking
Potions
 p - a potion of cure mutation
 r - a potion of brilliance
 w - 4 potions of might
 z - a potion of magic
 C - a potion of heal wounds {unknown}
 F - a potion of berserk rage {unknown}
 G - 3 potions of poison
 H - a potion of agility
Comestibles
 c - a bread ration
 i - 3 meat rations
 o - a beef jerky
 B - 4 fruits


   Skills:
 + Level 7.9 Fighting
 + Level 7.5(8.1) Axes
 + Level 4.2(6.4) Maces & Flails
 + Level 4.2 Throwing
 + Level 7.0 Armour
 + Level 5.0 Dodging
 + Level 4.7 Stealth
 + Level 4.1 Unarmed Combat
 + Level 4.2 Spellcasting
 + Level 7.5 Invocations


You had 17 spell levels left.
You didn't know any spells.

Dungeon Overview and Level Annotations

Branches:
Dungeon (8/15)             Temple (0/1) D:5            Lair (1/8) D:8

Altars:
Dithmenos
Fedhas
Gozag
Kikubaaqudgha
Makhleb
Okawaru
Qazlal
Sif Muna
Vehumet
Xom
Yredelemnul
Zin


Innate Abilities, Weirdness & Mutations

You have claws for hands.
You have a pair of horns on your head.
You sometimes gain a little power by taking damage.


Message History

Press: ? - help, Shift-Dir - straight line, f - spiny frog
Aim: a spiny frog (moderately wounded, chance to defeat MR: 81%)
The spiny frog is devoured by a tear in reality.
Lugonu claims a new guest.
Your Armour skill increases to level 7!
You feel somewhat more hungry.
* * * LOW HITPOINT WARNING * * *
You feel sick.
Drink which item? (? for menu, Esc to quit)
It was a potion of cure mutation.
It has a very clean taste.
* * * LOW HITPOINT WARNING * * *
You feel sick.
Drink which item? (? for menu, Esc to quit)
It was a potion of magic.
Magic courses through your body.
* * * LOW HITPOINT WARNING * * *
You feel very sick.
Drink which item? (? for menu, Esc to quit)
It was a potion of poison.
That liquid tasted very nasty...
You are more poisoned.
You die...

#.# #.# #.##
##.P #..#
#..# #..##
##...##
##...@§#
###..#..§#
##..#####§..#
##..## #....
##..## ......
###..#.#
#.....
###..#####
..... ##...##
..... ##...##


There were no monsters in sight!

Vanquished Creatures
  A komodo dragon (Lair:1)
  Sigmund (D:4)
  A deep elf fighter (D:8)
  A hippogriff (D:8)
  7 yaks (D:8)
  Edmund (D:4)
  2 black bears (D:7)
  A sky beast (D:6)
  A centaur (D:8)
  6 ogres
  A crocodile (D:8)
  Blork the orc (D:5)
  3 water moccasin zombies (Ossuary)
  3 giant frogs
  4 scorpions
  10 wights (D:8)
  2 crimson imps
  A quasit (D:4)
  2 centaur zombies
  2 giant frog zombies
  A giant frog skeleton (D:6)
  2 orc priests
  A centaur skeleton (D:5)
  4 hounds
  6 orc wizards
  Natasha (thrice) (D:2)
  3 iguanas
  6 worker ants
  4 big kobold zombies (Ossuary)
  A hound skeleton (D:7)
  2 mummies (Ossuary)
  10 river rats
  12 adders
  4 gnolls
  2 shadow imps (D:6)
  An ooze (D:3)
  6 adder zombies (Ossuary)
  2 worms
  17 orcs
  14 bats
  2 bat skeletons (D:6)
  3 bat zombies (D:6)
  6 giant cockroaches
  3 gnoll zombies (Ossuary)
  8 goblins
  6 hobgoblins
  8 jackals
  5 kobolds
  A ball python (D:5)
  3 giant geckos
  A giant gecko zombie (D:5)
  6 giant newts
  7 hobgoblin zombies (Ossuary)
  A jackal zombie (D:6)
  2 kobold zombies (Ossuary)
  2 orc zombies (Ossuary)
  3 quokkas
  A quokka skeleton (D:8)
  17 rats
  2 fungi (D:8)
  A plant (D:8)
240 creatures vanquished.

Vanquished Creatures (others)
  A spiny frog (Lair:1)
  A hound (D:6)
  3 gnolls (D:6)
  9 fungi (D:8)
14 creatures vanquished.

Grand Total: 254 creatures vanquished

Notes
Turn   | Place    | Note
--------------------------------------------------------------
     0 | Abyss:1  | Gargoyl the Demonspawn Abyssal Knight began the quest for the Orb.
     0 | Abyss:1  | Reached XP level 1. HP: 18/18 MP: 2/2
    11 | Abyss:1  | Found a corrupted altar of Lugonu.
    79 | D:1      | Escaped the Abyss
   200 | D:1      | Reached * piety under Lugonu
   219 | D:1      | Gained mutation: You have sharp fingernails. [demonic ancestry]
   219 | D:1      | Reached XP level 2. HP: 24/24 MP: 4/4
   768 | D:2      | Reached skill level 1 in Dodging
   799 | D:2      | Reached XP level 3. HP: 21/30 MP: 5/5
  1394 | D:1      | Gained mutation: You have very sharp fingernails. [demonic ancestry]
  1394 | D:1      | Reached XP level 4. HP: 32/37 MP: 6/6
  1404 | D:1      | Reached skill level 4 in Fighting
  1861 | D:2      | Found a blossoming altar of Fedhas.
  1968 | D:2      | Reached ** piety under Lugonu
  2048 | D:2      | Noticed Natasha
  2070 | D:2      | Killed Natasha
  2070 | D:2      | Reached XP level 5. HP: 26/42 MP: 7/7
  2310 | D:2      | Noticed Natasha
  2318 | D:2      | Killed Natasha
  2447 | D:3      | Found a radiant altar of Vehumet.
  2455 | D:3      | Found a burning altar of Makhleb.
  2667 | D:2      | Noticed Natasha
  2670 | D:2      | Killed Natasha
  3075 | D:3      | Found a faded altar to an unknown god.
  3120 | D:3      | Gained mutation: You sometimes gain a little power by taking damage. [demonic ancestry]
  3120 | D:3      | Reached XP level 6. HP: 35/48 MP: 8/8
  4140 | D:4      | Noticed Sigmund
  4141 | D:4      | Noticed Edmund
  4168 | D:4      | Reached skill level 5 in Fighting
  4168 | D:4      | Reached skill level 5 in Armour
  4168 | D:4      | Reached skill level 6 in Invocations
  4168 | D:4      | Gained mutation: You have a pair of small horns on your head. [demonic ancestry]
  4168 | D:4      | Reached XP level 7. HP: 18/57 MP: 8/11
  4171 | D:4      | Reached skill level 5 in Axes
  4171 | D:4      | Reached skill level 7 in Invocations
  4171 | D:4      | Gained mutation: You have a pair of horns on your head. [demonic ancestry]
  4171 | D:4      | Reached XP level 8. HP: 17/65 MP: 8/14
  4189 | D:4      | Killed Edmund
  4209 | D:4      | Killed Sigmund
  4720 | D:4      | Found a basalt altar of Yredelemnul.
  4829 | D:4      | Reached XP level 9. HP: 66/71 MP: 15/15
  5267 | D:4      | Found a deep blue altar of Sif Muna.
  5400 | D:4      | Found a shimmering altar of Xom.
  5577 | D:5      | Entered Level 5 of the Dungeon
  5793 | D:5      | Noticed Blork the orc
  5803 | D:5      | Killed Blork the orc
  5803 | D:5      | Reached *** piety under Lugonu
  5978 | D:5      | Found a staircase to the Ecumenical Temple.
  5987 | D:5      | Found a shadowy altar of Dithmenos.
  6029 | D:5      | Found a shimmering altar of Xom.
  6565 | D:6      | Found an iron altar of Okawaru.
  6601 | D:6      | Found a sand-covered staircase.
  6611 | Ossuary  | Entered an ossuary
  6744 | Ossuary  | Reached **** piety under Lugonu
  7545 | D:6      | Found an ancient bone altar of Kikubaaqudgha.
  8044 | D:6      | Found a stormy altar of Qazlal.
  8170 | D:7      | Reached skill level 5 in Dodging
  8833 | D:8      | Gained mutation: You have claws for hands. [demonic ancestry]
  8833 | D:8      | Reached XP level 10. HP: 72/79 MP: 16/16
  8889 | D:8      | Reached ***** piety under Lugonu
  9018 | D:8      | Found an opulent altar of Gozag.
  9124 | D:8      | HP: 2/79 [yak (11)]
  9853 | D:8      | Found a glowing silver altar of Zin.
  9969 | D:8      | Found a staircase to the Lair.
 10037 | Lair:1   | Entered Level 1 of the Lair of Beasts
 10096 | Lair:1   | HP: 2/80 [poisoned by a spiny frog]
 10097 | Lair:1   | Succumbed to poison (a potion of poison)

Action                   |  1- 3 |  4- 6 |  7- 9 | 10-12 || total
-------------------------+-------+-------+-------+-------++-------
Melee: Hand axe          |   139 |   277 |   516 |       ||   932
       Battleaxe         |       |       |     6 |   161 ||   167
Throw: Javelin           |       |       |       |     4 ||     4
Invok: Depart the Abyss  |     1 |       |       |       ||     1
       Banish            |       |       |       |     1 ||     1
Evoke: Wand              |       |       |     1 |       ||     1
  Use: Scroll            |       |     4 |     6 |     6 ||    16
       Potion            |       |     1 |     8 |     6 ||    15
  Eat: Chunk             |     2 |     2 |     2 |       ||     6
       Bread ration      |       |     2 |     3 |     1 ||     6
       Pizza             |       |       |     1 |       ||     1
